 Dungeon Crawl Stone Soup version 0.29.1-2-gbd0b4ee654 (webtiles) character file.

Game seed: 8440076422738772090

2 lokiplouj the Firebug (level 1, -1/13 HPs)
             Began as a Demonspawn Fire Elementalist on Nov 14, 2022.
             Slain by a hobgoblin (5 damage)
             ... on level 1 of the Dungeon.
             The game lasted 00:00:39 (70 turns).

lokiplouj the Firebug (Demonspawn Fire Elementalist)  Turns: 70, Time: 00:00:39

Health: -1/13      AC:  2    Str:  8    XL:     1   Next: 25%
Magic:  2/3        EV: 12    Int: 16    God:
Gold:   10         SH:  0    Dex: 13    Spells: 3/4 levels left

rFire   . . .      SeeInvis .   (no weapon)
rCold   . . .      Faith    .   (no shield)
rNeg    . . .      Spirit   .   a - +0 robe
rPois   .          Reflect  .   (no helmet)
rElec   .          Harm     .   (no cloak)
rCorr   .          Rampage  .   (no gloves)
Will    .....                   (no boots)
Stlth   ++........              (no amulet)
HPRegen 0.04/turn               (no ring)
MPRegen 0.08/turn               (no ring)

@: no status effects
A: no striking features
a: no special abilities


You were on level 1 of the Dungeon.
You visited 1 branch of the dungeon, and saw 1 of its levels.

You collected 10 gold pieces.

Inventory:

Armour
 a - a +0 robe (worn)
Potions
 b - a potion of magic


   Skills:
 + Level 1.7 Dodging
 + Level 1.7 Stealth
 + Level 2.1 Spellcasting
 + Level 1.0 Conjurations
 + Level 2.7 Fire Magic


You had 3 spell levels left.
You knew the following spells:

 Your Spells              Type           Power      Damage    Failure   Level
a - Foxfire               Conj/Fire      28%        2x1d5     10%         1

Your spell library contained the following spells:

 Spells                   Type           Power      Damage    Failure   Level
 Scorch                   Fire           20%        2d6       10%         2
 Conjure Flame            Conj/Fire      7%         6-21      28%         3
 Inner Flame              Hex/Fire       6%         N/A       34%         3
 Flame Wave               Conj/Fire      7%         2d5       67%         4


Dungeon Overview and Level Annotations

Branches:
Dungeon (1/15)

Altars:


Message History

The bat misses you. The bat misses you. The bat hits you but does no damage.
You barely miss the bat. The bat barely misses you. The bat hits you.
The bat misses you. The bat completely misses you. The bat misses you.
You hit the bat but do no damage. Your punch misses the bat.
The bat hits you but does no damage. x2
The bat misses you. The bat barely misses you.
Casting: Foxfire (safe; 10% risk of failure)
Press: ? - help, Q - select action Dir - look around, f - activate You conjure some foxfire!
The foxfire hits the bat.
The bat is severely wounded.
You closely miss the bat.
The bat is severely wounded.
The foxfire hits the bat.
You kill the bat!
A hobgoblin comes into view.
The hobgoblin shouts!
A bat comes into view.
The hobgoblin hits you but does no damage.
You see here 2 gold pieces.
Casting: Foxfire (safe; 10% risk of failure)
Press: ? - help, Q - select action Dir - look around, f - activate You conjure some foxfire!
The hobgoblin misses you. The bat hits you but does no damage.
The foxfire hits the hobgoblin.
The hobgoblin is almost dead.
The foxfire hits the hobgoblin but does no damage.
The hobgoblin is almost dead.
The bat closely misses you. The hobgoblin closely misses you.
You closely miss the bat. The bat hits you. The hobgoblin barely misses you.
The bat closely misses you. The hobgoblin hits you.
You see here 2 gold pieces.
You closely miss the hobgoblin.
The hobgoblin is almost dead.
The bat barely misses you. The hobgoblin hits you.
You die...

### ...... ..## ......
...## #######.....
....##### ##....!....###
.8......###.............
....###...............#
...## ##.###..........#
..######'###.....g....##
####..........b.@.......
....#...†..............
## #.......######.....
#............#.....
#............# #..#
#............# ..#
..........###### ##
..........# ...########


You could see a hobgoblin and a bat.

Vanquished Creatures
  A hobgoblin (D:1)
  A bat (D:1)
2 creatures vanquished.

Vanquished Creatures (others)
  5 foxfires (D:1)
5 creatures vanquished.

Grand Total: 7 creatures vanquished

Notes
Turn   | Place    | Note
-------+----------+-------------------------------------------
     0 | D:1      | lokiplouj the Demonspawn Fire Elementalist began the quest
                  | for the Orb.
     0 | D:1      | Reached XP level 1. HP: 13/13 MP: 3/3
    70 | D:1      | Slain by a hobgoblin

Illustrated notes

Levels and vault maps discovered:
D:1:      dreamdust_arrival_beginning_and_end, layout_basic, serial_shops,
          shop_fountains, nicolae_shop_trees, shop, shop_fountains

Action                   || total
-------------------------++-------
Melee: Unarmed           ||    15
 Cast: Foxfire           ||     3
Armor: Robe              ||    14
Dodge: Dodged            ||    34
